 Dungeon Crawl Stone Soup version 0.31-a0-867-g9b2fd80f0c (webtiles) character file.

Game seed: 8895436150782550896

127 BinkBink the Chopper (level 4, -4/61 HPs)
             Began as a Minotaur Monk on Oct 11, 2023.
             Was a Priest of Cheibriados.
             Killed by an exploding phantom (13 damage)
             ... ignited by their inner flame
             ... on level 5 of the Dungeon.
             The game lasted 00:04:07 (2758 turns).

BinkBink the Chopper (Minotaur Monk)                Turns: 2758, Time: 00:04:11

Health: -4/61      AC: 22    Str: 24    XL:     4   Next: 85%
Magic:  3/3        EV:  2    Int: 14    God:    Cheibriados [***...]
Gold:   118        SH:  0    Dex: 20    Spells: 3/3 levels left

rFire   + . .        a - +0 hand axe
rCold   + . .        d - orb {light}
rNeg    + . .        b - melded +0 robe
rPois   +            (helmet currently unavailable)
rElec   +            (cloak currently unavailable)
rCorr   +            (gloves currently unavailable)
SInv    .            (boots currently unavailable)
Will    +....        (no amulet)
Stlth   +            m - ring of positive energy
HPRegen 0.30/turn    (no ring)
MPRegen 0.08/turn

%: no passive effects
@: tree-form, resistant, enlightened, glowing, very slow
A: stationary, stasis, torment immunity, boosted hp, (horns 2), (retaliatory
headbutt)
a: Renounce Religion, Bend Time, Temporal Distortion


You were on level 5 of the Dungeon.
You worshipped Cheibriados.
Cheibriados was most pleased with you.
You were a tree.
You visited 1 branch of the dungeon, and saw 5 of its levels.

You collected 118 gold pieces.

Inventory:

Hand Weapons
 a - a +0 hand axe (weapon)
Armour
 b - a +0 robe (melded)
 d - an orb of light (worn)
Jewellery
 m - a ring of positive energy (left branch)
 q - a +4 ring of slaying
Wands
 s - a wand of mindburst (12)
Scrolls
 f - 3 scrolls of identify {unknown}
 h - a scroll of amnesia {unknown}
 l - 3 scrolls of immolation
 n - 2 scrolls of butterflies {unknown}
 o - a scroll of vulnerability {unknown}
 p - a scroll of noise {unknown}
 r - a scroll of teleportation {unknown}
Potions
 c - a potion of ambrosia
 e - 4 potions of lignification
 j - a potion of enlightenment


   Skills:
 + Level 4.6 Fighting
 * Level 5.4 Axes
 + Level 4.1 Dodging


You had 3 spell levels left.
You didn't know any spells.
Your spell library was empty.

Dungeon Overview and Level Annotations

Branches:
Dungeon (6/15)
 Temple: D:4-7

Altars:
Cheibriados
Fedhas
Gozag
Zin

Shops:
D:2 :(

Annotations:
D:5 Eustachio


Innate Abilities, Weirdness & Mutations

You are a tree.
Your roots penetrate the ground, keeping you stationary.
You cannot be teleported.
You are immune to unholy pain and torment.
Your maximum health is greatly increased.
Your equipment is partially melded.
((You have a pair of horns on your head.))
((You reflexively headbutt those who attack you in melee.))


Message History

The ufetubus hits you.
You are too injured to fight recklessly!
You closely miss the jackal. You hit the ufetubus.
Flame seeps out of the ufetubus.
You hit the phantom.
Flame seeps out of the phantom.
You hit the scorpion.
Flame seeps out of the scorpion.
The jackal barely misses you.
The scorpion is engulfed in blazing flames.
Flame seeps out of the scorpion.
The scorpion stings you but does no damage.
Sigmund hits you but does no damage.
The ufetubus is engulfed in blazing flames.
The ufetubus disappears in a puff of smoke!
The ufetubus explodes!
The fiery explosion engulfs the phantom!!
Cheibriados appreciates the change of pace.
The fiery explosion engulfs you! You resist.
* * * LOW HITPOINT WARNING * * *
The fiery explosion engulfs the jackal!!
Cheibriados thoroughly appreciates the change of pace.
The jackal explodes!
The fiery explosion engulfs you but does no damage.
The fiery explosion engulfs Sigmund!!
Cheibriados appreciates the change of pace.
The fiery explosion engulfs the scorpion!!
Cheibriados appreciates the change of pace.
Cheibriados raises the support of your attributes as your movement slows.
The fiery explosion engulfs the jackal!!!
Cheibriados thoroughly appreciates the change of pace.
The jackal explodes!
The scorpion explodes!
The fiery explosion engulfs you. You resist.
* * * LOW HITPOINT WARNING * * *
Cheibriados thoroughly appreciates the change of pace.
You feel a bit more experienced.
The fiery explosion engulfs the jackal!!
Cheibriados thoroughly appreciates the change of pace.
The jackal explodes!
You hear an explosion!
Sigmund explodes!
The phantom explodes!
The fiery explosion engulfs you! You resist.
You die...

#.......#.
.......... ###.#
.........# ....
......... ##...
##.......###...
##.....§§##§...#
#.......○○§§..##
.......§♣§§§#§<###
.......##○§§.....#
........h§§.....##
....@....§......#
...#...###..#....#
. #..$ ..###..###
##..... ##.#
...... .# .......
..


You could see Eustachio (inner flame).

Vanquished Creatures
  Sigmund (D:5)
  A phantom (D:5)
  A scorpion (D:5)
  An orc wizard (D:3)
  4 adders
  3 worms
  2 dart slugs (D:1)
  3 orcs (D:3)
  5 bats
  An endoplasm (D:1)
  4 goblins
  6 hobgoblins
  6 jackals
  4 quokkas (D:1)
  5 ball pythons
  2 frilled lizards
  4 kobolds
  5 rats
58 creatures vanquished.

Notes
Turn   | Place    | Note
-------+----------+-------------------------------------------
     0 | D:1      | BinkBink the Minotaur Monk began the quest for the Orb.
     0 | D:1      | Reached XP level 1. HP: 19/19 MP: 0/0
   367 | D:1      | Reached skill level 4 in Axes
   394 | D:1      | Reached XP level 2. HP: 27/27 MP: 1/1
  1250 | D:2      | Reached XP level 3. HP: 31/33 MP: 2/2
  1308 | D:2      | Found a snail-covered altar of Cheibriados.
  1347 | D:2      | Found Puex's Book Emporium.
  1425 | D:2      | Became a worshipper of Cheibriados the Contemplative
  1425 | D:2      | Reached * piety under Cheibriados
  1425 | D:2      | Reached ** piety under Cheibriados
  1781 | D:2      | Found Voulumedi's Antique Weapon Shop.
  2042 | D:3      | Reached skill level 5 in Axes
  2042 | D:3      | Reached XP level 4. HP: 35/41 MP: 3/3
  2142 | D:3      | Identified the +3 dagger of the Magi {venom, Str+4}
  2280 | D:3      | Found an opulent altar of Gozag.
  2282 | D:3      | Found a glowing silver altar of Zin.
  2658 | D:3      | Reached *** piety under Cheibriados
  2676 | D:3      | Found a faded altar of an unknown god.
  2680 | D:3      | Found a blossoming altar of Fedhas.
  2737 | D:3      | You fall into a shaft and drop 3 floors!
  2745 | D:5      | Entered Level 5 of the Dungeon
  2745 | D:5      | Noticed a scorpion
  2748 | D:5      | Noticed Sigmund
  2748 | D:5      | Noticed a phantom
  2749 | D:5      | Noticed Eustachio
  2758 | D:5      | Killed a phantom
  2758 | D:5      | Killed Sigmund
  2758 | D:5      | Killed a scorpion
  2758 | D:5      | Killed by an exploding phantom... ignited by their inner
                  | flame

Illustrated notes

Levels and vault maps discovered:
D:1:      erik_arrival_triangle_medium, layout_basic, minivault_19,
          chequers_serial_rivers_marsh, hangedman_decor_opposing
D:2:      layout_basic, serial_shops, nicolae_shop_peninsula,
          nicolae_shop_overgrown_old_shop, basic_altar
D:3:      layout_basic, grunt_temple_overflow_gold_and_silver,
          nicolae_overflow_ecumenical_swirl
D:5:      cheibrodos_fertilizer, layout_cave_pools, grunt_qazlal_sundering,
          uniq_eustachio, uniq_grinder, uniq_sigmund
D:6:      layout_basic, minmay_tree_intersection, minivault_23,
          kennysheep_another_room, hangedman_feature_mirror,
          grunt_ministairs_12, nicolae_shop_fire_sale [nicolae_sub_dead_trees],
          nicolae_take_the_stairs

Skill      XL: |  1  2  3  4 |
---------------+-------------+-----
Axes           | 4 5 |  5.4
Fighting       | 4 |  4.6
Dodging        | 4 |  4.1

Action                     |  1- 3 |  4- 6 || total
---------------------------+-------+-------++-------
  Melee: Hand axe          |    71 |    35 ||   106
         Headbutt          |    15 |     5 ||    20
    Use: Potion            |       |     5 ||     5
         Scroll            |       |     1 ||     1
 Armour: Robe              |    29 |    21 ||    50
         Skin              |       |    38 ||    38
  Dodge: Dodged            |    45 |    31 ||    76

Table legend: (Time is in decaauts)
 A = Elapsed time spent in this place.
 B = Non-inter-level travel time spent in this place.
 C = Inter-level travel time spent in this place.
 D = Time resting spent in this place.
 E = Time spent auto-exploring this place.
 F = Levels seen in this place.
 G = Mean time per level.
                   A        B        C        D        E       F      G
               +--------+--------+--------+--------+--------+-----+--------+
         Total |   3304 |   3172 |    132 |     78 |   2750 |   5 |  660.8 |
       Dungeon |   3304 |   3172 |    132 |     78 |   2750 |   5 |  660.8 |
               +--------+--------+--------+--------+--------+-----+--------+

Top non-repeatable levels by time:
     D:1: 1172 daAuts
     D:2: 1072 daAuts
     D:3: 1032 daAuts
     D:5: 16 daAuts
     D:6: 11 daAuts
